[Event "Bangabandhu Premier Div League 2022"]
[Site "Dhaka"]
[Date "2022.12.03"]
[Round "4.5"]
[White "Rahman, Ziaur"]
[Black "Haque, Rezaul"]
[Result "1-0"]
[ECO "B07"]
[WhiteElo "2464"]
[BlackElo "1949"]
[Annotator "TA"]
[PlyCount "59"]
[EventDate "2022.12.01"]
[EventCountry "BAN"]
[SourceTitle "playchess.com"]
[Source "ChessBase"]
[SourceQuality "1"]
[TimeControl "40/5400+30:1800+30"]

1. d4 d6 2. Nf3 Bg4 3. e4 Nf6 4. Nc3 c6 5. h3 Bxf3 6. Qxf3 {[%emt 0:00:19] B07: Pirc Defence: Miscellaneous Systems.} e6 7. d5 cxd5 8. exd5 {[%emt 0:01:03] White is better.} e5 {[%emt 0:00:00] [#]} 9. a4 $146 (9. Bb5+ Nbd7 $14) (9. Bd2 $16) ({Predecessor:} 9. g4 Be7 10. g5 Nfd7 11. h4 Na6 12. Bd2 Rc8 13. Bh3 Rc5 14. h5 Rf8 15. Be3 {0-1 (39) Yankelevich,L (2413)-Krasenkow,M (2629) Germany 2017}) 9... a5 (9... Be7 $14) 10. Bb5+ $18 Nfd7 {[%emt 0:00:00] [#]} 11. Ne4 ({White should try} 11. Qg3 $1 $18) 11... h6 (11... Be7 $16 {might work better.}) 12. h4 {[%emt 0:00:00][%cal Bh3h4,Bh4h5][%mdl 32] And now Be3 would win.} Na6 13. Be3 Nc7 14. Bb6 {[%emt 0:00:30] aiming for Rh3. A strong pair of Bishops.} Qc8 {[%emt 0:00:00] [#] Strongly threatening ...Nxb5.} 15. Bxc7 Qxc7 16. Ra3 $36 {[%emt 0:00:00][%mdl 2048] White has strong initiative. White has more active pieces.} Qd8 $2 (16... O-O-O $16 17. Qxf7 (17. Rc3 Nc5 $16) 17... Nc5) 17. h5 Rc8 18. Qf5 Rc7 19. Rhh3 ({Less strong is} 19. Rf3 Qe7 20. Rhh3 Kd8 $18) 19... Qe7 20. Rac3 Kd8 21. Rxc7 Kxc7 22. Rc3+ Kd8 23. Rf3 f6 24. Rc3 Nb6 25. Qh3 {[%emt 0:00:00] Hoping for Qe3.} Nd7 26. Qe3 {[%emt 0:00:00] White wants to mate with Qa7.} Qf7 27. Bxd7 Kxd7 28. Qh3+ {[%emt 0:00:30] White is clearly winning.} f5 29. Ng3 Qxd5 30. Qxf5+ {[%emt 0:00:00] Weighted Error Value: White=0.40/Black=0.78} 1-0

[Event "Bangabandhu Premier Div League 2022"]
[Site "Dhaka"]
[Date "2022.12.03"]
[Round "4.5"]
[White "Aradhya, Garg"]
[Black "Abu Sufian, Shakil"]
[Result "1/2-1/2"]
[ECO "D11"]
[WhiteElo "2289"]
[BlackElo "2229"]
[Annotator "TA"]
[PlyCount "105"]
[EventDate "2022.11.30"]
[EventType "team-tourn"]
[EventCountry "BAN"]
[SourceTitle "playchess.com"]
[Source "ChessBase"]
[SourceQuality "1"]
[TimeControl "40/5400+30:1800+30"]

1. d4 d5 2. c4 c6 3. Nf3 Nf6 4. g3 Bg4 5. Bg2 e6 6. O-O Nbd7 7. h3 {[%emt 0:00:46] D11: Slav Defence: 3 Nf3 sidelines and 3...Nf6 4 e3 Bg4.} Bh5 8. cxd5 exd5 9. Qb3 {[%emt 0:00:09] 9.Ne5 is the fancy move.} Qb6 10. Qe3+ Be7 11. Nh4 {[%emt 0:00:57] [#] Black must now prevent Nf5.} Bg6 {[%emt 0:00:40] Against Nf5} (11... Kf8 {is more complex.} 12. Nf5 Bd8 13. Nc3 h6) 12. Nc3 Qd8 13. b4 a6 14. a4 O-O 15. Nxg6 hxg6 16. Rb1 Nb6 17. Qd3 {[%emt 0:03:19] [#]} Qd7 $146 ({Predecessor:} 17... a5 18. b5 Bb4 19. Na2 Bd6 20. Bg5 Qc7 21. Rfc1 Rad8 22. bxc6 bxc6 23. Qc3 Nc4 {0-1 (57) Praggnanandhaa,R (2530)-Karjakin,S (2753) Kolkata 2018}) 18. a5 Nc8 19. Na4 Qf5 20. Nc5 Nd6 21. Bf4 Nfe4 22. e3 Rfe8 23. g4 Qc8 24. Nxe4 Nxe4 25. f3 Nd6 26. e4 dxe4 27. fxe4 Nb5 28. Be3 Qd7 29. Qc4 Bf6 30. e5 Nc7 (30... Na3 31. Qc1 Nxb1 32. exf6 $16) 31. Bd2 (31. Be4 $14) 31... Bd8 (31... Bh4 {is interesting.} 32. Be4 Rad8 33. Be3 Qe6) 32. Rb3 Qe6 33. Qxe6 Rxe6 34. Rbf3 f6 35. g5 (35. Rd3 {simplifies} Nd5 36. Be4 fxe5 37. dxe5 Rxe5 38. Bxg6 Bf6 39. h4) 35... Nd5 (35... f5 $11 {keeps the balance.}) 36. h4 Kf7 (36... Bc7 $142) 37. Bh3 Re8 {[%emt 0:00:06] Inhibits h5.} 38. gxf6 gxf6 39. Bg5 {[%emt 0:00:26] White is more active.} (39. h5 $14) 39... f5 $1 $11 {[%emt 0:01:56] [#] And now ...Rh8 would win.} (39... Nxb4 $2 40. Bxf6 (40. exf6 Bxa5 41. Bd2 Re2 $11) 40... Bxf6 41. Rxf6+ Kg7 42. Rf7+ Kh6 43. Rxb7 $18) 40. Rg3 Rh8 {[%emt 0:01:56] Prevents h5. Hoping for ...Bxg5.} ({But not} 40... Nxb4 41. h5 (41. Bxf5 $2 gxf5 42. Rxf5+ Ke6 $19) 41... Bxg5 42. hxg6+ (42. Rxg5 Rg8 $16) 42... Kg7 43. Rxg5 $16) 41. e6+ $1 Kxe6 {[%emt 0:33:29] aiming for ...Bxg5.} 42. Bxd8 Raxd8 43. Rxg6+ Kf7 44. Bxf5 Ne3 ({Don't take} 44... Nxb4 45. Rg4 $16) (44... Rxh4 $5 45. Rf3 Rxd4 46. Be4+ Ke8 47. Rg8+ Kd7 48. Bxd5 Rxd5 $17) 45. Rf4 {[%emt 0:00:11] Strongly threatening Bc2+. The position is equal.} Nxf5 46. Rg5 Rxh4 47. Rgxf5+ {[%emt 0:00:00][%mdl 4096] Endgame KRR-KRR} Kg6 48. Rf6+ Kg5 49. R6f5+ Kg6 50. Rxh4 Kxf5 51. Kf2 Rd5 52. Ke3 Kg5 53. Rh2 {Weighted Error Value: White=0.09 (flawless) /Black=0.11 (very precise)} 1/2-1/2

[Event "Bangabandhu Premier Div League 2022"]
[Site "Dhaka"]
[Date "2022.12.03"]
[Round "4.6"]
[White "Ghosh, Diptayan"]
[Black "Sankalan Shah"]
[Result "1-0"]
[ECO "E06"]
[WhiteElo "2544"]
[BlackElo "2218"]
[Annotator "TA"]
[PlyCount "53"]
[EventDate "2022.11.30"]
[EventType "team-tourn"]
[EventCountry "BAN"]
[SourceTitle "playchess.com"]
[Source "ChessBase"]
[SourceQuality "1"]
[TimeControl "40/5400+30:1800+30"]

1. d4 Nf6 2. Nf3 e6 3. c4 d5 4. g3 Be7 5. Bg2 O-O 6. Nbd2 c5 7. cxd5 {[%emt 0:00:23] E06: Closed Catalan: Early deviations.} Nxd5 8. O-O Nc6 9. dxc5 {[%emt 0:02:55] White has an edge.} Bxc5 10. a3 a5 {[%emt 0:13:37] Prevents b4.} 11. Qc2 Be7 12. e4 Nf6 ({Better is} 12... Nb6 $14) 13. Rd1 $36 {[%emt 0:02:12][%mdl 2048] Keeping Black busy.} Bd7 14. Nc4 {[%emt 0:01:14] [#]} Rc8 $146 ({Predecessor:} 14... b5 15. Nce5 Qc8 16. Nxd7 Nxd7 17. Be3 Nce5 18. Rac1 Qxc2 19. Rxc2 Rac8 20. Rdc1 Rxc2 21. Rxc2 {1-0 (47) Januario,S (2207)-Gazola,V (2015) Brasilia 2018}) 15. Qe2 {[%emt 0:02:36] White has more active pieces.} b5 {[%emt 0:04:24] [#]} 16. Nce5 Nxe5 17. Nxe5 Qc7 18. Bf4 {[%emt 0:10:12] And now Nxd7 would win.} Qb7 19. Nxd7 Nxd7 20. e5 Qa7 21. Qxb5 Nc5 {[%emt 0:02:06] [#]} (21... Rfd8 $16 22. Rac1 Rxc1 23. Bxc1 (23. Rxc1 Bc5 $16) 23... Qc5 24. Qxc5 Nxc5 25. Rxd8+ Bxd8) 22. b4 $18 Rb8 23. Qc4 (23. Qxa5 Qxa5 24. bxa5 Nb3 $18) 23... Na4 24. Be3 {[%emt 0:01:02] This pair of bishops is nice.} Nb6 25. Qb5 Nd5 26. Qxd5 (26. Qxa5 Qxa5 27. bxa5 Nxe3 28. fxe3 Rb5 $16) 26... Qxe3 27. Qd7 {[%emt 0:00:40] Black got outplayed after the opening.   Weighted Error Value: White=0.09 (flawless) /Black=0.34} ({Less strong is} 27. Qxa5 Qc3 28. Rac1 Qb3 $18) ({Weaker is} 27. fxe3 exd5 28. bxa5 Rb5 29. Rxd5 (29. Bxd5 Rxa5 30. a4 Bc5 $18) 29... Bc5 $18) 1-0

[Event "Bangabandhu Premier Div League 2022"]
[Site "Dhaka"]
[Date "2022.12.03"]
[Round "4.6"]
[White "Rahman, Siddiqur"]
[Black "Chanda, Sandipan"]
[Result "0-1"]
[ECO "A85"]
[WhiteElo "1970"]
[BlackElo "2474"]
[Annotator "TA"]
[PlyCount "80"]
[EventDate "2022.12.01"]
[EventCountry "BAN"]
[SourceTitle "playchess.com"]
[Source "ChessBase"]
[SourceQuality "1"]
[TimeControl "40/5400+30:1800+30"]

1. d4 f5 2. c4 Nf6 3. Nc3 e6 4. Nf3 Bb4 5. Qc2 c5 6. dxc5 {[%emt 0:00:00] [#] A85: Dutch Defence: 2 c4 Nf6 3 Nc3.} Ne4 $146 ({Predecessor:} 6... Na6 7. c6 bxc6 8. Bg5 O-O 9. e3 Qa5 10. Bxf6 Rxf6 11. Bd3 Nc5 12. O-O Bxc3 13. bxc3 {1-0 (31) Gnechko,R (2132)-Eggleston,T (2203) Chess.com INT 2022}) 7. Bd2 (7. g4 {keeps more tension.} Na6 8. gxf5 Bxc3+ 9. bxc3 exf5 10. Nd2) 7... Nxd2 8. Qxd2 {[%emt 0:00:00] White is slightly better.} O-O (8... Qf6 $11 {deserves consideration.}) 9. Nd4 (9. a3 $1 $14 Bxc5 10. e4) 9... Na6 10. a3 Bxc3 11. Qxc3 Nxc5 12. g3 Ne4 13. Qc2 b5 14. Bg2 (14. Nxb5 $11 Qb6 15. e3) 14... bxc4 $15 15. Qxc4 Bb7 {[%emt 0:01:00] Strongly threatening ...Nd6.} 16. f3 (16. O-O $11) 16... Bd5 (16... Nf6 $17 {White must now prevent ...Nd5.} 17. O-O Nd5) 17. Qd3 Nc5 18. Qe3 Qb6 19. O-O Rac8 (19... Qxb2 $2 20. Rfb1 $18) 20. Qf2 (20. Rfd1 $15) 20... Qxb2 $17 21. Rfb1 {[%emt 0:00:15] Inhibits e5.} Qd2 {[%emt 0:00:00] Black is much more active.} 22. Rd1 Qa5 23. Rdb1 $2 {[%emt 0:00:44][%mdl 8192] [#] Now White is beyond hope.} (23. Qe1 $17 {is a better defense.} Qa6 24. Qb4) 23... e5 $1 $19 24. Nb5 Nb3 25. Rxb3 Bxb3 26. a4 a6 27. Qe3 Qb4 28. Rb1 axb5 29. Rxb3 Qe1+ 30. Bf1 Rc1 31. Qf2 bxa4 32. Qxe1 Rxe1 {[%emt 0:00:00][%mdl 4096] Endgame KRR-KRB} 33. Ra3 Ra8 34. Kf2 Rb1 {[%emt 0:00:00] Threatens to win with ...Rb3.} 35. e4 fxe4 36. Bc4+ Kf8 37. fxe4 Ke7 38. Bd5 Ra5 {[%emt 0:00:00] And now ...Rb2+ would win.} 39. g4 Rb2+ 40. Kg3 {[%emt 0:00:00] [#]} Rxd5 $1 {[%emt 0:00:00] Weighted Error Value: White=0.59/Black=0.20 (precise)} 0-1

[Event "Bangabandhu Premier Div League 2022"]
[Site "Dhaka"]
[Date "2022.12.03"]
[Round "4.7"]
[White "Harsha Bharathakoti"]
[Black "Nayan Kumar, Mohanto"]
[Result "1-0"]
[ECO "A11"]
[WhiteElo "2582"]
[BlackElo "1976"]
[Annotator "TA"]
[PlyCount "39"]
[EventDate "2022.12.01"]
[EventCountry "BAN"]
[SourceTitle "playchess.com"]
[Source "ChessBase"]
[SourceQuality "1"]
[TimeControl "40/5400+30:1800+30"]

1. Nf3 Nf6 2. g3 g6 3. b3 Bg7 4. Bb2 d5 5. c4 c6 6. Bg2 O-O 7. O-O dxc4 8. bxc4 Qb6 {[%emt 0:01:30] A11: English Opening: 1...c6.} 9. Qc1 Bf5 10. d3 {[%emt 0:00:30] [#]} Na6 $146 {[%emt 0:00:30] White is better.} ({Predecessor:} 10... Re8 11. h3 Nbd7 12. g4 Be6 13. Nc3 Nf8 14. a4 a5 15. Rb1 Qc7 16. Qc2 h6 {1-0 (61) Werner,P (1589)-Duschek,G (1632) Dortmund 2005}) 11. Nc3 Qa5 12. Rb1 Rfe8 13. Ba1 ({White should play} 13. Nd1 $16) 13... Rab8 $11 14. Nd2 Nc5 {[%emt 0:00:30] [#]} (14... e5 $11 {keeps the balance.}) 15. e4 $1 $16 Bg4 ({Weaker is} 15... Nxd3 16. Qc2 $16) 16. d4 Na4 {[%emt 0:00:30] This costs Black the game.} (16... Ne6 $16 {was called for.}) 17. h3 {[%emt 0:00:00] White has a decisive advantage.} Bd7 18. e5 Nh5 19. Nb3 Nxc3 20. Bxc3 {[%emt 0:00:30][%mdl 64] Weighted Error Value: White=0.20 (precise) /Black=0.44} 1-0

[Event "Bangabandhu Premier Div League 2022"]
[Site "Dhaka"]
[Date "2022.12.03"]
[Round "4.7"]
[White "Jamal Uddin"]
[Black "Mitrabha, Guha"]
[Result "0-1"]
[ECO "A37"]
[WhiteElo "2092"]
[BlackElo "2474"]
[Annotator "TA"]
[PlyCount "58"]
[EventDate "2022.11.30"]
[EventType "team-tourn"]
[EventCountry "BAN"]
[SourceTitle "playchess.com"]
[Source "ChessBase"]
[SourceQuality "1"]
[TimeControl "40/5400+30:1800+30"]

1. c4 c5 2. Nf3 g6 3. g3 Bg7 4. Bg2 Nc6 5. O-O e6 6. d3 Nge7 7. Nc3 d5 8. cxd5 exd5 9. Bf4 O-O {[%emt 0:00:31] A37: Symmetrical English vs ...g6: 4 Bg2 Bg7 5 Nf3.} 10. Qd2 (10. e4 $5 ) 10... b6 11. d4 $1 cxd4 {[%emt 0:07:42] The position is equal.} 12. Nb5 Nf5 ({Black should play} 12... d3 $11) 13. Nc7 Rb8 {[%emt 0:00:05] [#]} 14. g4 $146 {[%emt 0:00:36] [#]} (14. Rfc1 $14 {keeps the upper hand.} Bb7 15. Nb5) ({Predecessor:} 14. Nxd5 Qxd5 15. e4 Qxe4 16. Rfe1 Qd5 17. g4 Bb7 18. Bxb8 Rxb8 19. gxf5 Ne5 20. Rxe5 Bxe5 {0-1 (40) Sigfusson,S (2370)-Lerner,K (2560) Copenhagen 1990}) 14... Nd6 $1 $17 15. Nxd5 Bxg4 {[%emt 0:01:09] White must now prevent ...Ne4.} 16. Nb4 Bxf3 ({Reject} 16... Nxb4 $6 17. Qxb4 Nf5 18. Bxb8 Bxf3 19. Bxf3 $11 (19. Bxa7 {leads to mate.} Qg5)) 17. Bxf3 Ne5 18. Bxe5 Nc4 19. Qxd4 Nxe5 20. Qe4 (20. Qxd8 $17 {was called for.} Nxf3+ 21. Kg2 Rbxd8 22. Kxf3) 20... Rc8 $36 {[%emt 0:00:00][%cal Bb8c8,Bc8c4,Bc4e4][%mdl 2080] White is under strong pressure.} 21. Bg2 $2 {[%emt 0:00:47] [#] Now White is beyond hope.} (21. Nd3 $17 Rc4 22. Qe3) 21... Rc4 {[%emt 0:00:00] Black is clearly winning.} 22. Rad1 Rxe4 23. Rxd8 Rxb4 24. Rxf8+ Bxf8 25. b3 Rd4 {[%emt 0:00:00] Inhibits Rd1.} 26. a4 Rd2 27. e3 Bc5 28. Be4 Ng4 29. Kg2 Nxe3+ {[%emt 0:00:00] Weighted Error Value: White=0.68/Black=0.09 (flawless)} 0-1

[Event "Bangabandhu Premier Div League 2022"]
[Site "Dhaka"]
[Date "2022.12.03"]
[Round "4.8"]
[White "Chatterjee, Debaraj"]
[Black "Hossain, Showkat Pollab"]
[Result "1-0"]
[ECO "E00"]
[WhiteElo "2196"]
[BlackElo "1989"]
[Annotator "TA"]
[PlyCount "77"]
[EventDate "2022.11.30"]
[EventType "team-tourn"]
[EventCountry "BAN"]
[SourceTitle "playchess.com"]
[Source "ChessBase"]
[SourceQuality "1"]
[TimeControl "40/5400+30:1800+30"]

1. d4 Nf6 2. c4 e6 3. g3 d5 4. Bg2 Bb4+ 5. Nd2 O-O 6. Qc2 c6 ({Black should play} 6... c5 $11) 7. a3 {[%emt 0:04:38] E00: Catalan Bogo-Indian (3 g3 Bb4+).} Bd6 8. Ngf3 Nbd7 9. O-O {[%emt 0:00:11] White is slightly better.} b6 10. e4 {[%emt 0:01:02] [#]} dxe4 $146 ({Predecessor:} 10... Be7 11. e5 Ne8 12. b4 Ba6 13. Re1 dxc4 14. Nxc4 Rc8 15. Rb1 Nc7 16. Nd6 Bxd6 17. exd6 {0-1 (35) Zong,D (2129)-Djordjevic,V (2350) Chess.com INT 2021}) 11. Nxe4 Nxe4 12. Qxe4 Bb7 13. Ne5 Rc8 (13... f5 {simplifies} 14. Qe2 Nxe5 15. dxe5 Be7) 14. b4 Ba8 15. Qe2 {[%emt 0:15:35] White is much more active.} (15. Nxd7 $1 $14 Qxd7 16. Qg4) 15... Qc7 {[%emt 0:06:34] [#]} (15... Nxe5 $11 16. dxe5 Be7) 16. Nxd7 $1 $16 Qxd7 17. c5 Be7 18. Rd1 Bb7 19. Bf4 Rfe8 20. h4 Ra8 21. Rac1 Rec8 {[%emt 0:03:54] Prevents b5.} (21... b5 $142) 22. h5 a5 (22... b5 $16) 23. h6 $18 {[%emt 0:11:01] aiming for hxg7.} g5 (23... b5 $142 24. hxg7 Bf6) 24. Be3 (24. Qe5 f6 25. Qe2 Bf8 $16) 24... axb4 25. axb4 ({Not} 25. cxb6 bxa3 26. Qd2 Qd8 $15) 25... b5 26. d5 $2 $40 {[%emt 0:11:37][%mdl 128] White is out for blood.} (26. Qb2 $18 {[%cal Od4d5] has better winning chances. Threatens to win with d5!} Bf6 {[#]} 27. Bxg5 $1 ) 26... cxd5 (26... exd5 $16 27. Qb2 Bf8) 27. Qb2 f6 28. Bxg5 $1 Qd8 $2 {[%emt 0:04:37] Black cannot hold the game after this.} (28... e5 $16 {might work better.}) 29. Bh4 Qf8 30. Qe2 {[%emt 0:01:29][%csl LRb5,LRe6] Black must now prevent c6.} Qf7 31. Bh3 ({Less strong is} 31. Qxb5 Bf8 $18) 31... Ra6 32. Qxb5 Rc7 33. Qe2 {[%emt 0:00:52] Against Qh5. Strongly threatening b5.} e5 34. b5 Ra4 35. c6 Ba8 36. Ra1 Ba3 37. Qd3 e4 38. Qb3 Ra5 39. Rxa3 {[%emt 0:00:18] Weighted Error Value: White=0.17 (very precise) /Black=0.67} 1-0

[Event "Bangabandhu Premier Div League 2022"]
[Site "Dhaka"]
[Date "2022.12.03"]
[Round "4.8"]
[White "Swarnavo Choudhury"]
[Black "Mehdi Hasan Parag"]
[Result "0-1"]
[ECO "C82"]
[WhiteElo "1977"]
[BlackElo "2185"]
[Annotator "TA"]
[PlyCount "90"]
[EventDate "2022.12.01"]
[EventCountry "BAN"]
[SourceTitle "playchess.com"]
[Source "ChessBase"]
[SourceQuality "1"]
[TimeControl "40/5400+30:1800+30"]

1. e4 e5 2. Nf3 Nc6 3. Bb5 a6 4. Ba4 Nf6 5. O-O Nxe4 6. d4 b5 7. Bb3 d5 8. dxe5 Be6 9. c3 Bc5 10. Nbd2 O-O 11. Bc2 Nxf2 12. Rxf2 f6 13. exf6 Bxf2+ 14. Kxf2 Qxf6 15. Nf1 Rad8 {[%emt 0:00:00] [#] C82: Open Ruy Lopez: 9 c3 without 9...Be7.} 16. Be3 $146 (16. Kg1 $11 Ne5 17. Be3) ({Predecessor:} 16. Kg1 Ne5 17. Be3 Nxf3+ 18. Qxf3 Qxf3 19. gxf3 Rxf3 20. Bc5 Bh3 21. Re1 Rxf1+ 22. Rxf1 Bxf1 23. Kxf1 {0-1 (48) Cole,S (1826)-Hoehne,M (1844) LSS email 2018}) 16... d4 $15 ({Don't take} 16... Ne5 17. Bc5 $14) 17. cxd4 Nxd4 {[%emt 0:03:30] Black is slightly better.} 18. Bxd4 Rxd4 {[%emt 0:00:00] Really sharp!} ({Don't do} 18... Qxd4+ 19. Qxd4 Rxd4 20. Ne3 $14) 19. Qe2 (19. Qe1 $1 $15) 19... c5 {[%emt 0:00:00] Black is more active.} ({Don't play} 19... Bc4 $6 20. Bb3 $11) (19... Rb4 $1 $17 20. Kg1 Rxb2) 20. Kg1 Bg4 21. Qe5 (21. Be4 $11) 21... Bxf3 $17 22. Qxf6 Rxf6 23. gxf3 Rxf3 24. Re1 Rg4+ 25. Ng3 Rf6 26. Re5 c4 27. Be4 ({White should try} 27. b3 $15) 27... g6 28. Kg2 h5 29. h3 Rgf4 {[%emt 0:00:00] Hoping for ...Rf2+.} 30. Bd5+ Kf8 {[%emt 0:00:00] ...Rf2+ is the strong threat.} 31. Re2 {[%emt 0:00:56] Inhibits Rf2+.} Rd6 32. Bf3 Kg7 (32... Rdd4 $17) 33. Ne4 ({White should play} 33. Bxh5 $1 $15 b4 34. Bf3) 33... Rd3 34. Ng5 {[%emt 0:00:21] [#]} (34. Nd2 $17 {was the only chance.}) 34... Kh6 $1 $19 35. h4 Rxh4 36. Ne6 g5 37. Rf2 $2 {[%emt 0:00:25] [#]} (37. Nc5 {was necessary.} Rd6 38. Re5) 37... Rd6 $1 38. Nc5 Rf4 {[%emt 0:00:00] Strongly threatening ...g4.} 39. Kg3 {[%emt 0:00:46] Against g4} (39. Re2 $142) 39... h4+ 40. Kg2 g4 41. Bb7 Rxf2+ 42. Kxf2 Rd2+ 43. Ke3 Rxb2 {[%emt 0:00:00] ( -> ...g3)} 44. Kf4 g3 45. Be4 g2 {[%emt 0:00:00] Weighted Error Value: White=0.71/Black=0.13 (very precise)} 0-1

[Event "Bangabandhu Premier Div League 2022"]
[Site "Dhaka"]
[Date "2022.12.03"]
[Round "4.10"]
[White "Pantsulaia, Levan"]
[Black "Parveen, Tanima"]
[Result "1-0"]
[ECO "A28"]
[WhiteElo "2597"]
[BlackElo "1967"]
[Annotator "TA"]
[PlyCount "47"]
[EventDate "2022.11.30"]
[EventType "team-tourn"]
[EventCountry "BAN"]
[SourceTitle "playchess.com"]
[Source "ChessBase"]
[SourceQuality "1"]
[TimeControl "40/5400+30:1800+30"]

1. c4 e5 2. Nc3 Nf6 3. Nf3 Nc6 4. e4 Bc5 5. Nxe5 Nxe5 6. d4 Bxd4 7. Qxd4 d6 {[%emt 0:00:49] A28: English Opening: Four Knights Variation.} 8. Bg5 {[%emt 0:00:53] [#]} Nc6 $146 ({Predecessor:} 8... h6 9. Bh4 g5 10. Bg3 Be6 11. Bxe5 dxe5 12. Qxe5 c6 13. Be2 Qe7 14. O-O-O O-O 15. h4 {1-0 (33) Esipenko,A (2682)-Stoleriu,G (2349) Chess.com INT 2020}) 9. Qd2 {[%emt 0:02:17] White is more active.} h6 {[%emt 0:01:27] White is slightly better.} 10. Be3 O-O 11. f3 {[%emt 0:04:01] Prevents Ng4.} Re8 12. Be2 Qe7 (12... Be6 $142) 13. g4 Bxg4 14. Rg1 $1 {[%emt 0:01:44] Threatens to win with 0-0-0.} ({Reject} 14. fxg4 $6 Nxe4 15. Nxe4 Qxe4 $14) 14... Bh5 15. Bxh6 Bg6 {[%emt 0:01:04] [#]} 16. Bg5 {[%emt 0:00:59] And now Nd5 would win.} Qe5 {[%emt 0:08:35] [#]} (16... Qe6 $142 17. O-O-O Rac8) 17. O-O-O $1 $18 Nd7 18. h4 (18. f4 $142 Qa5 19. f5) 18... Qc5 (18... Qa5 $142 19. b3 Nb6) 19. Be3 Qb4 20. Rg5 Re5 {[%emt 0:04:15] Inhibits h5.} 21. Rdg1 Rae8 $2 (21... Rxg5 22. Rxg5 Nce5) 22. h5 {[%emt 0:00:17] White is clearly winning.} Rxg5 23. Rxg5 Bh7 24. Rb5 {[%emt 0:00:09] Inhibits Re5. White took control after the opening.   Weighted Error Value: White=0.14 (very precise) /Black=0.59} 1-0

[Event "Bangabandhu Premier Div League 2022"]
[Site "Dhaka"]
[Date "2022.12.03"]
[Round "4.11"]
[White "Harikrishnan.A.Ra"]
[Black "Rakhmanov, Aleksandr"]
[Result "0-1"]
[ECO "D02"]
[WhiteElo "2409"]
[BlackElo "2630"]
[Annotator "TA"]
[PlyCount "66"]
[EventDate "2022.11.30"]
[EventType "team-tourn"]
[EventCountry "BAN"]
[SourceTitle "playchess.com"]
[Source "ChessBase"]
[SourceQuality "1"]
[TimeControl "40/5400+30:1800+30"]

1. d4 d5 2. Bf4 e6 3. e3 Bd6 4. Nf3 Bxf4 5. exf4 Qd6 6. Qc1 {[%emt 0:07:56] [#] D02: 1 d4 d5 2 Nf3 sidelines, including 2...Nf6 3 g3 and 2...Nf6 3 Bf4.} Ne7 $146 ({Predecessor:} 6... c5 7. dxc5 Qxc5 8. Bd3 Ne7 9. O-O h6 10. Nbd2 O-O 11. Nb3 Qd6 12. c3 Nbc6 13. Qe3 {1-0 (30) Bluebaum,M (2639)-Van der Werf,M (2393) Chess.com INT 2021}) 7. c3 b6 8. g3 {[%emt 0:02:26] The position is equal.} O-O 9. Bd3 Ba6 10. Bxa6 Nxa6 11. O-O c5 12. Na3 Rac8 13. Nc2 b5 14. Qd2 Qb6 15. Ne5 {[%emt 0:07:18] Black must now prevent Nd7.} Rc7 {[%emt 0:00:58] Against Nd7} 16. h4 Rfc8 17. h5 h6 (17... cxd4 {keeps more tension.} 18. Nxd4 b4 19. h6 Nc5) 18. g4 b4 19. dxc5 Nxc5 {[%emt 0:01:29] Hoping for ...Ne4.} 20. Nxb4 a5 21. Nbd3 Nxd3 22. Nxd3 d4 23. cxd4 (23. c4 $11) 23... Qxd4 (23... Rd8 $1 $15) 24. Qe3 $11 Rd8 25. Ne5 Qb4 26. a3 Qb5 27. Rfd1 Nd5 28. Qd4 (28. Qd2 {simplifies} Qb3 29. Rac1 Rxc1 30. Qxc1 Rb8 31. Rd4) 28... Rdc8 29. g5 (29. Rd2 $11 {remains equal.}) 29... Qe2 $17 30. gxh6 (30. Qd3 $17 Qxh5 31. Qg3) 30... gxh6 ({Black should play} 30... Qxh5 $19 {aiming for ...f6.} 31. f5 (31. hxg7 $2 f6 $19) 31... Qxf5) 31. Kg2 $2 {[%emt 0:02:12][%mdl 8192] [#]} (31. Rd3 $17) 31... Rc4 $1 $19 32. Nxc4 (32. Re1 Rxd4) 32... Rxc4 33. Qa7 Nxf4+ {[%emt 0:02:08] Weighted Error Value: White=0.70/Black=0.13 (very precise)} 0-1